 Dungeon Crawl Stone Soup version 0.30-a0-341-g682706514a (webtiles) character file.

Game seed: 548597448750206470

38 bubaowng the Cudgeller (level 3, 0/28 (29) HPs)
             Began as a Human Berserker on Nov 3, 2022.
             Was a Believer of Trog.
             Slain by a goblin
             ... wielding a +0 club
             ... led by Robin
              (1 damage)
             ... on level 3 of the Dungeon.
             The game lasted 00:04:33 (807 turns).

bubaowng the Cudgeller (Human Berserker)             Turns: 807, Time: 00:04:34

HP:   0/28 (29)     AC: 12    Str: 19    XL:     3   Next: 65%
MP:   3/3           EV:  6    Int:  7    God:    Trog [**....]
Gold: 86            SH:  0    Dex: 12    Spells: 2/2 levels left

rFire   . . .      SeeInvis .    a - +0 mace
rCold   . . .      Faith    .    (no shield)
rNeg    . . .      Spirit   .    m - +0 plate armour
rPois   .          Reflect  .    (no helmet)
rElec   .          Harm     .    n - +0 cloak
rCorr   .          Rampage  .    (no gloves)
Will    .....                    (no boots)
Stlth   ..........               (no amulet)
HPRegen 0.24/turn                (no ring)
MPRegen 0.08/turn                (no ring)

@: lightly drained
A: no striking features
a: Renounce Religion, Berserk, Trog's Hand


You were on level 3 of the Dungeon.
You worshipped Trog.
Trog was pleased with you.
You visited 1 branch of the dungeon, and saw 3 of its levels.

You collected 86 gold pieces.

Inventory:

Hand Weapons
 a - a +0 mace (weapon)
 g - a +0 mace
Armour
 b - a +0 animal skin
 c - a +0 scale mail
 f - a +0 ring mail
 j - a +0 chain mail
 m - a +0 plate armour (worn)
 n - a +0 cloak (worn)
Scrolls
 i - a scroll of teleportation {unknown}
 l - a scroll of summoning {unknown}
 o - a scroll of poison {unknown}
Potions
 d - 2 potions of haste {unknown}
 e - a potion of degeneration {unknown}
 h - 3 potions of curing {unknown}
 k - a potion of attraction {unknown}


   Skills:
 + Level 3.5 Fighting
 + Level 3.6 Maces & Flails
 + Level 2.2 Armour
 + Level 2.1 Dodging


You had 2 spell levels left.
You didn't know any spells.
Your spell library contained the following spells:

 Spells                   Type           Power      Damage    Failure   Level
 Dazzling Flash           Conj/Hex       0%         N/A       100%        3
 Agony                    Necr           0%         N/A       100%        5
 Silence                  Hex/Air        0%         N/A       100%        5


Dungeon Overview and Level Annotations

Branches:
Dungeon (3/15)

Altars:

Annotations:
D:3 Robin


Message History

The hobgoblin hits you but does no damage.
Robin throws the goblin at you!
You hit the goblin.
The goblin is severely wounded.
The giant cockroach bites you but does no damage.
The goblin hits you but does no damage. The goblin completely misses you.
The goblin hits you but does no damage.
The hobgoblin hits you but does no damage.
The giant cockroach bites you but does no damage.
You miss the goblin.
The goblin is severely wounded.
The goblin completely misses you. The goblin hits you with a +0 dagger.
The goblin barely misses you. The hobgoblin barely misses you.
The giant cockroach bites you but does no damage.
The goblin barely misses you.
The goblin hits you with a +2 dagger of draining.
You feel drained. The hobgoblin hits you.
* * * LOW HITPOINT WARNING * * *
The goblin barely misses you.
You sock the goblin!
You kill the goblin!
Trog accepts your kill. The giant cockroach barely misses you.
The goblin hits you but does no damage. The hobgoblin barely misses you.
The goblin hits you but does no damage. Robin throws the goblin at you!
* * * LOW HITPOINT WARNING * * *
The giant cockroach bites you but does no damage.
You hit the goblin.
The goblin is severely wounded.
The goblin hits you but does no damage. The giant cockroach bites you.
* * * LOW HITPOINT WARNING * * *
The hobgoblin hits you.
* * * LOW HITPOINT WARNING * * *
The goblin hits you but does no damage. The goblin barely misses you.
You barely miss the goblin.
The goblin is severely wounded.
The goblin no longer looks unusually strong. x2
The giant cockroach bites you but does no damage.
The goblin hits you with a +0 club.
You die...

#....<...#
######.###
####.####
#.......#
#.##.##.# #
##.# # #..#
#g###.#.#
#@Bg.....
#.ggggg.#..
###gg####
#... ##.#.
.##) .. ..
## ..


You could see Robin, a giant cockroach, a hobgoblin (strong) and 7 goblins.

Vanquished Creatures
  A dart slug (D:1)
  3 ball pythons
  2 bats (D:1)
  6 endoplasms
  6 goblins
  A hobgoblin (D:2)
  2 quokkas
  A frilled lizard (D:2)
  5 kobolds
  4 rats
31 creatures vanquished.

Notes
Turn   | Place    | Note
-------+----------+-------------------------------------------
     0 | D:1      | bubaowng the Human Berserker began the quest for the Orb.
     0 | D:1      | Reached XP level 1. HP: 18/18 MP: 1/1
   206 | D:1      | Reached XP level 2. HP: 21/24 MP: 2/2
   502 | D:2      | Reached XP level 3. HP: 16/29 MP: 3/3
   580 | D:2      | Reached ** piety under Trog
   797 | D:3      | Noticed Robin
   806 | D:3      | HP: 1/28 [hobgoblin[Robin] (1)]
   807 | D:3      | Slain by a goblin

Illustrated notes

Levels and vault maps discovered:
D:1:      dpeg_arrival_water_altar, layout_loops_corners
D:2:      layout_rooms, minmay_crystal_water
D:3:      cheibrodos_pilgrimage, layout_loops_cross, tgw_kikubaaqudgha,
          lemuel_crystal_altar, uniq_robin

Action                   || total
-------------------------++-------
Melee: Mace              ||    69
Armor: Scale mail        ||    20
       Plate armour      ||    23
       Chain mail        ||     6
Dodge: Dodged            ||    45

Table legend: (Time is in decaauts)
 A = Elapsed time spent in this place.
 B = Non-inter-level travel time spent in this place.
 C = Inter-level travel time spent in this place.
 D = Time resting spent in this place.
 E = Time spent auto-exploring this place.
 F = Levels seen in this place.
 G = Mean time per level.
                   A        B        C        D        E       F      G
               +--------+--------+--------+--------+--------+-----+--------+
         Total |    822 |    324 |    498 |     31 |     58 |   3 |  274.0 |
       Dungeon |    822 |    324 |    498 |     31 |     58 |   3 |  274.0 |
               +--------+--------+--------+--------+--------+-----+--------+

Top non-repeatable levels by time:
     D:1: 499 daAuts
     D:2: 300 daAuts
     D:3: 22 daAuts
